 Dungeon Crawl Stone Soup version 0.27.1-3-gb3d3a73c9e (webtiles) character file.

Game seed: 15914748424006569756

147877 Borgoz the Warrior (level 17, -2/115 HPs)
             Began as a Gargoyle Berserker on Oct 17, 2021.
             Was the Champion of Trog.
             Shot with an arrow by a satyr (14 damage)
             ... on level 3 of the Shoals on Oct 24, 2021.
             The game lasted 01:00:36 (39855 turns).

Borgoz the Warrior (Gargoyle Berserker)            Turns: 39855, Time: 01:00:36

Health: -2/115     AC: 42    Str: 31    XL:     17   Next: 47%
Magic:  17/17      EV: 13    Int: 10    God:    Trog [******]
Gold:   1641       SH:  7    Dex: 18    Spells: 16/16 levels left

rFire    + + .     SeeInvis +   f - +7 eveningstar (drain)
rCold    + + .     Faith    .   C - +2 buckler
rNeg     + + .     Spirit   .   u - +2 crystal plate armour {rC+}
rPois    ∞         Reflect  .   Q - +0 hat of Hospitality {Will+ Dex+3}
rElec    +         Harm     .   K - scarf {rC+ rF+}
rCorr    .         Rampage  .   c - +0 pair of gloves
Will     +++++     Clarity  +   x - +0 pair of boots
Stlth    ..........             H - amulet of the Four Winds {rN+ Will+++ Clar}
HPRegen  1.29/turn              v - +6 ring of strength
MPRegen  0.15/turn              p - ring of Loineg {rF+ Str+2 Dex+3 SInv}

@: strong-willed, flying, regenerating
A: sickness immunity, AC +12, big wings, negative energy resistance 1,
electricity resistance, torment resistance 1, petrification resistance
a: Renounce Religion, Berserk, Trog's Hand, Brothers in Arms


You were on level 3 of the Shoals.
You worshipped Trog.
Trog was exalted by your worship.
You visited 4 branches of the dungeon, and saw 26 of its levels.
You also visited: Sewer, Ossuary, Gauntlet and Ice Cave.

You collected 3028 gold pieces.
You spent 1387 gold pieces at shops.

Inventory:

Hand Weapons
 f - a +7 eveningstar of draining (weapon)
 O - the +5 whip "Borgoz's Regret" {venom, Will++ Int-3 Stlth+}
   (You took it off a merfolk on level 2 of the Shoals)

   It poisons the flesh of those it strikes.
   Int:       It affects your intelligence (-3).
   Will:      It greatly increases your willpower.
   Stlth:     It makes you more stealthy.
Missiles
 M - 2 throwing nets (quivered)
Armour
 c - a +0 pair of gloves (worn)
 u - a +2 crystal plate armour of cold resistance (worn)
 x - a +0 pair of boots (worn)
 C - a +2 buckler (worn)
 K - a scarf of resistance (worn)
 N - the +7 plate armour "Isustur" {Dex+3}
   (You found it on level 8 of the Dungeon)

   Dex:       It affects your dexterity (+3).
 Q - the +0 hat of Hospitality (worn) {Will+ Dex+3}
   (You found it on level 10 of the Dungeon)

   Dex:       It affects your dexterity (+3).
   Will:      It increases your willpower.
 S - the +1 leather armour of a Gauntlet {+Inv}
   (You found it on level 2 of the Shoals)

   +Inv:      It lets you turn invisible.
Jewellery
 b - a ring of resist corrosion
 j - a ring of see invisible
 p - the ring of Loineg (right hand) {rF+ Str+2 Dex+3 SInv}
   (You bought it in a shop on level 2 of the Orcish Mines)

   [ring of protection from fire]

   Str:       It affects your strength (+2).
   Dex:       It affects your dexterity (+3).
   rF:        It protects you from fire.
   SInv:      It lets you see invisible.
 v - a +6 ring of strength (left hand)
 H - the amulet of the Four Winds (around neck) {rN+ Will+++ Clar}
   (You found it in a Gauntlet)

   [amulet of nothing]

   rN:        It protects you from negative energy.
   Clar:      It protects you against confusion.
   Will:      It greatly increases your willpower.
 I - a ring of protection from fire
 V - a ring of ice
 Y - the ring "Qifu" {+Blink Will+ EV+4}
   (You found it on level 1 of the Lair of Beasts)

   [ring of evasion]

   EV:        It affects your evasion (+4).
   +Blink:    It lets you blink.
   Will:      It increases your willpower.
Wands
 a - a wand of acid (2)
 h - a wand of paralysis (21)
 n - a wand of mindburst (54)
 r - a wand of digging (7)
 L - a wand of flame (46)
 P - a wand of iceblast (9)
Scrolls
 d - 3 scrolls of enchant weapon
 e - 3 scrolls of immolation {unknown}
 g - 2 scrolls of blinking
 i - 3 scrolls of brand weapon {unknown}
 k - 8 scrolls of teleportation
 m - 6 scrolls of fog {unknown}
 t - 3 scrolls of fear {unknown}
 y - 2 scrolls of enchant armour
 z - 3 scrolls of magic mapping
 E - 2 scrolls of silence
 U - a scroll of summoning
Potions
 l - 15 potions of curing
 o - 3 potions of attraction
 s - 3 potions of ambrosia
 w - 2 potions of heal wounds
 A - 4 potions of mutation
 D - a potion of cancellation
 F - 6 potions of might
 G - a potion of invisibility
 J - a potion of berserk rage
 R - 4 potions of haste


   Skills:
 + Level 16.1 Fighting
 + Level 14.9 Maces & Flails
 + Level 15.9 Armour
 + Level 12.8 Dodging
 - Level 4.0 Shields
 - Level 7.0 Evocations


You had 16 spell levels left.
You didn't know any spells.
Your spell library was empty.

Dungeon Overview and Level Annotations

Branches:
Dungeon (15/15)            Temple (0/1) D:7            Lair (6/6) D:10
 Shoals (3/4) Lair:4        Snake (0/4) Lair:2        Slime (0/5) Lair:5
    Orc (2/2) D:12            Elf (0/3) Orc:2        Vaults (0/5) D:13
 Depths (0/5) D:15          Sewer (visited)         Ossuary (visited)
  IceCv (visited)         Gauntlet (visited)

Altars:
Ashenzari
Cheibriados
Dithmenos
Fedhas
Gozag
Makhleb
Sif Muna
Beogh
Jiyva

Shops:
D:2 [*   D:7 *   D:10 =   D:12 [=   Orc:2 =*!*   Shoals:2 *


Innate Abilities, Weirdness & Mutations

You are immune to sickness and miasma.
Your stone body is resilient. (AC +12)
You are immune to poison.
Your large and strong wings let you fly.
You resist negative energy. (rN+)
You are resistant to electric shocks. (rElec)
You are resistant to unholy torment.
You are immune to petrification.


Message History

The merfolk hits you but does no damage.
The merfolk completely misses you.
The sea snake bites you but does no damage.
You are too injured to fight recklessly!
You skewer the sea snake like a kebab!!!
You kill the sea snake!
Trog accepts your kill. You block the merfolk's attack. The merfolk misses you.
The merfolk hits you but does no damage.
The merfolk hits you with a +0 trident.
A merfolk comes into view. It is wielding a +0 trident.
Things that are here:
a +4 rapier of electrocution; a +0 robe; a merfolk corpse You hit the merfolk.
You drain the merfolk.
The merfolk is lightly wounded.
The merfolk misses you.
The merfolk hits you but does no damage.
You closely miss the merfolk.
The merfolk is lightly wounded.
A satyr comes into view. It is wielding a +0 spear.
You block the merfolk's attack.
The merfolk hits you from afar with a +0 trident!
You puncture the merfolk! You drain the merfolk.
The merfolk is moderately wounded.
The merfolk misses you.
The merfolk hits you but does no damage.
The merfolk hits you from afar with a +0 trident!
You closely miss the merfolk.
The merfolk is moderately wounded.
The satyr unwields a +0 spear.
The satyr wields a +0 longbow.
The satyr shoots an arrow.
The arrow hits you!!
* * * LOW HITPOINT WARNING * * *
You block the merfolk's attack.
The merfolk hits you from afar with a +0 halberd.
* * * LOW HITPOINT WARNING * * *
You closely miss the merfolk.
The merfolk is moderately wounded.
The merfolk hits you but does no damage.
You block the merfolk's attack.
The satyr shoots an arrow.
The arrow hits you!
You die...

≈ ≈.≈≈≈ .... ≈ ≈≈≈≈.. ....# ≈
≈≈≈... ....# ≈ #.≈≈.... ......
≈ #.≈.....## ...... ≈≈≈≈≈≈≈≈
≈.###.c≈..#..##....≈≈≈≈≈≈≈PPPP
≈....≈≈≈≈.......≈≈≈...≈≈≈≈PPPP
≈≈≈≈≈≈≈≈≈###≈@m.......≈P≈≈≈≈≈≈
≈≈≈≈≈≈≈≈.##m≈.....###..≈≈≈≈≈≈≈
≈≈≈≈≈≈≈≈..≈mm###### #.≈≈P≈≈≈≈
≈≈≈≈≈≈.......## #. ..≈≈≈≈≈≈≈
≈≈≈≈≈....#....##.. ...≈≈≈≈≈≈
≈≈≈≈≈...##........ .≈.≈≈≈≈≈≈
≈≈≈≈≈...[...≈≈..≈≈ ≈≈≈≈≈≈≈≈≈
..≈≈≈≈≈....≈≈≈≈≈≈≈≈ ≈≈≈≈≈≈≈≈≈
≈.#...≈≈####...≈≈.≈≈≈
≈≈≈≈≈≈≈≈≈


You could see a satyr and 4 merfolk.

Vanquished Creatures
  A kraken (Shoals:3)
  Polyphemus (Shoals:1)
  Ilsuiw (Shoals:1)
  A fire giant (D:15)
  2 frost giants (Shoals:1)
  3 orc warlords (Orc:2)
  Nessos (Lair:5)
  A stone giant (Shoals:1)
  A minotaur (Gauntlet)
  2 merfolk impalers
  Snorg (Orc:1)
  2 vault guards (D:13)
  5 boulder beetles
  Fannar (Lair:3)
  7 hydras
  Erica (Orc:1)
  A merfolk avatar (Shoals:1)
  2 merfolk aquamancers
  An ironbound frostheart (IceCv)
  10 two-headed ogres
  4 catoblepae
  3 centaur warriors
  Urug (Orc:1)
  14 death yaks
  4 orc high priests (Orc:2)
  Sonja (Lair:6)
  3 sixfirhies (Gauntlet)
  6 sea snakes
  7 orc knights
  2 deep elf pyromancers
  8 harpies
  2 lindwurms
  4 orc sorcerers (Orc:2)
  11 ugly things (D:14)
  5 manticores
  5 fauns
  3 oklob plants (Lair:1)
  9 slime creatures
  9 cyclopes
  10 elephants
  3 centaur zombies
  Maurice (D:10)
  9 merfolk sirens
  3 water nymphs
  2 black mambas
  An ice statue (IceCv)
  2 molten gargoyles (Gauntlet)
  3 gargoyles
  A torpor snail (Gauntlet)
  5 kobold demonologists
  15 cane toads
  4 rime drakes
  An unseen horror (D:12)
  5 komodo dragons
  19 polar bears
  10 merfolk
  7 trolls
  5 wind drakes
  3 meliai (D:15)
  4 hornets (Lair:6)
  17 blink frogs
  6 dream sheep
  A snapping turtle (Shoals:3)
  2 centaur simulacra (D:11)
  12 spriggans (Lair:6)
  6 water elementals
  3 wraiths
  A wyvern (Lair:6)
  56 yaks
  Eustachio (D:4)
  3 basilisks
  A steam dragon (D:8)
  6 vampire mosquitoes
  10 wargs
  Menkaure (D:5)
  2 nagas (Lair:2)
  An acid dragon (D:13)
  17 water moccasins
  A water moccasin (shapeshifter) (D:14)
  3 black bears
  4 ice beasts
  A hornet zombie (D:8)
  34 orc warriors
  A necrophage (D:4)
  8 ogres
  7 boggarts
  34 wolves
  8 centaurs
  A phantom (D:6)
  4 kobold brigands
  3 elf zombies (Ossuary)
  7 bullfrogs
  A water moccasin zombie (D:6)
  A scorpion (D:2)
  A wyvern zombie (D:6)
  A gnoll sergeant (D:9)
  2 water moccasin skeletons
  A wyvern skeleton (D:6)
  4 wights
  A howler monkey (D:13)
  2 electric eels (D:11)
  A bullfrog zombie (D:6)
  A gnoll shaman (D:5)
  38 orc priests
  7 hounds
  A jelly (D:7)
  2 bullfrog skeletons
  A centaur skeleton (D:6)
  3 iguanas
  Terence (D:1)
  Natasha (thrice) (D:3)
  16 orc wizards
  2 troll simulacra (D:11)
  A killer bee zombie (D:8)
  A hound zombie (D:3)
  2 mummies (Ossuary)
  15 gnolls
  9 adders
  3 naga simulacra (D:11)
  3 river rats
  A shadow imp (D:6)
  5 white imps
  4 ufetubi
  An adder skeleton (D:4)
  A dart slug (D:3)
  99 orcs
  4 bats
  10 endoplasms
  7 giant cockroaches
  3 goblins
  4 hobgoblins
  8 jackals
  19 kobolds
  8 quokkas
  7 ball pythons
  A goblin zombie (Ossuary)
  10 hobgoblin zombies (Ossuary)
  3 jackal zombies (Ossuary)
  10 kobold zombies (Ossuary)
  10 orc zombies (Ossuary)
  7 rats
867 creatures vanquished.

Vanquished Creatures (collateral kills)
  2 vault guards (D:13)
  A boulder beetle (D:13)
  An ironbound frostheart (IceCv)
  A centaur warrior (D:13)
  A death yak (IceCv)
6 creatures vanquished.

Vanquished Creatures (others)
  A gargoyle (D:12)
  An orc priest (D:11)
  An orc wizard (Orc:2)
  An orc (D:11)
  3 bushes (Lair:6)
  42 fungi
  52 plants
  4 tentacles (Shoals:3)
105 creatures vanquished.

Grand Total: 978 creatures vanquished

Notes
Turn   | Place    | Note
-------+----------+-------------------------------------------
     0 | D:1      | Borgoz the Gargoyle Berserker began the quest for the Orb.
     0 | D:1      | Reached XP level 1. HP: 14/14 MP: 1/1
   386 | D:1      | Reached XP level 2. HP: 19/19 MP: 2/2
  1128 | D:1      | Found a faded altar of an unknown god.
  1177 | D:2      | Noticed Terence
  1189 | D:1      | Killed Terence
  1190 | D:1      | Reached XP level 3. HP: 24/24 MP: 3/3
  1456 | D:2      | Reached XP level 4. HP: 26/29 MP: 4/4
  1486 | D:2      | Found Saisoxku's Armour Emporium.
  1567 | D:2      | Reached skill level 4 in Fighting
  1606 | D:2      | Found Yhefeudo's Assorted Antiques.
  1817 | D:2      | Noticed a scorpion
  1824 | D:2      | Killed a scorpion
  1825 | D:2      | Reached XP level 5. HP: 33/33 MP: 5/5
  2442 | D:2      | Reached ** piety under Trog
  2932 | D:3      | Reached XP level 6. HP: 26/39 MP: 6/6
  3590 | D:3      | Noticed Natasha
  3600 | D:3      | Killed Natasha
  3686 | D:3      | Noticed Natasha
  3692 | D:3      | Killed Natasha
  3769 | D:3      | Noticed Natasha
  3780 | D:3      | Killed Natasha
  4148 | D:4      | Noticed a necrophage
  4159 | D:4      | Killed a necrophage
  4160 | D:4      | Reached skill level 5 in Fighting
  4160 | D:4      | Reached XP level 7. HP: 34/44 MP: 7/7
  4543 | D:4      | Identified the +0 scale mail of Ceukut {Will+++ Regen+
                  | Dex-4 SInv}
  4585 | D:4      | Noticed Eustachio
  4645 | D:4      | Killed Eustachio
  4646 | D:4      | Reached skill level 5 in Maces & Flails
  4975 | D:4      | Reached skill level 5 in Armour
  5203 | D:5      | Entered Level 5 of the Dungeon
  5214 | D:5      | Reached XP level 8. HP: 51/51 MP: 8/8
  5324 | D:5      | Reached skill level 6 in Fighting
  5513 | D:5      | Noticed Menkaure
  5521 | D:5      | Killed Menkaure
  5833 | D:5      | Reached *** piety under Trog
  6027 | D:5      | Found an opulent altar of Gozag.
  6498 | D:6      | Found a sand-covered staircase.
  6504 | Ossuary  | Entered an ossuary
  6725 | Ossuary  | Reached XP level 9. HP: 47/56 MP: 9/9
  6808 | D:6      | Found a glowing drain.
  6847 | Sewer    | Entered a sewer
  6936 | Sewer    | Reached skill level 7 in Fighting
  7154 | Sewer    | Reached **** piety under Trog
  7182 | Sewer    | Reached skill level 5 in Dodging
  9199 | D:6      | Found a blossoming altar of Fedhas.
  9605 | D:7      | Found Tuzaggus's Assorted Antiques.
  9625 | D:7      | You fall into a shaft and drop 2 floors!
  9625 | D:9      | Noticed a troll
  9631 | D:9      | Killed a troll
  9706 | D:8      | Noticed a two-headed ogre
  9931 | D:7      | Reached skill level 8 in Fighting
  9998 | D:7      | Found a staircase to the Ecumenical Temple.
 10675 | D:8      | Identified the +7 plate armour "Isustur" {Dex+3}
 10710 | D:8      | Killed a two-headed ogre
 10711 | D:8      | Reached XP level 10. HP: 65/65 MP: 10/10
 11129 | D:8      | Reached ***** piety under Trog
 12098 | D:9      | Found a shimmering blue altar of Sif Muna.
 12105 | D:9      | Found a broken altar of Ashenzari.
 12166 | D:9      | Reached skill level 9 in Fighting
 12195 | D:9      | Noticed a kobold demonologist
 12198 | D:9      | Noticed a kobold demonologist
 12199 | D:9      | Noticed a kobold demonologist
 12201 | D:9      | Noticed a soul eater
 12201 | D:9      | Noticed a soul eater
 12572 | D:9      | Noticed a sixfirhy
 12711 | D:9      | Noticed a soul eater
 12715 | D:9      | Killed a kobold demonologist
 12720 | D:9      | Killed a kobold demonologist
 12725 | D:9      | Killed a kobold demonologist
 12892 | D:9      | Reached XP level 11. HP: 62/71 MP: 11/11
 13191 | D:9      | Noticed a two-headed ogre
 13197 | D:9      | Killed a two-headed ogre
 13453 | D:10     | Entered Level 10 of the Dungeon
 13460 | D:10     | Found a staircase to the Lair.
 13460 | D:10     | Noticed a death yak
 13460 | D:10     | Noticed a death yak
 13477 | D:9      | Killed a death yak
 13478 | D:9      | Reached skill level 10 in Fighting
 13500 | D:10     | Noticed a death yak
 13516 | D:9      | Killed a death yak
 13537 | D:9      | Killed a death yak
 13538 | D:9      | Reached skill level 10 in Armour
 13743 | D:10     | Found Faanwax's Jewellery Shoppe.
 13771 | D:10     | Identified the +0 hat of Hospitality {Will+ Dex+3}
 13825 | D:10     | Noticed a two-headed ogre
 13837 | D:10     | Killed a two-headed ogre
 13838 | D:10     | Reached skill level 1 in Shields
 13915 | D:10     | Noticed Maurice
 13931 | D:10     | Killed Maurice
 14200 | D:10     | Noticed a two-headed ogre
 14207 | D:10     | Killed a two-headed ogre
 14368 | D:10     | Found a shadowy altar of Dithmenos.
 14377 | D:10     | Found a snail-covered altar of Cheibriados.
 14760 | Lair:1   | Entered Level 1 of the Lair of Beasts
 14791 | Lair:1   | Found a gate leading to a gauntlet.
 14800 | Gauntlet | Entered a Gauntlet
 14800 | Gauntlet | Found a transporter.
 14800 | Gauntlet | Found a transporter.
 14816 | Gauntlet | Found a transporter.
 14816 | Gauntlet | Found the amulet of the Four Winds {rN+ Will+++ Clar}
 14820 | Gauntlet | Found a transporter.
 14830 | Gauntlet | Found a transporter.
 14834 | Gauntlet | Found a transporter.
 14836 | Gauntlet | Noticed a sixfirhy
 14838 | Gauntlet | Noticed a sixfirhy
 14842 | Gauntlet | Noticed a catoblepas
 14843 | Gauntlet | Noticed a sixfirhy
 14844 | Gauntlet | Found a transporter.
 14873 | Gauntlet | Noticed a wretched star
 14873 | Gauntlet | Found the ring of the Hare {EV+8}
 14875 | Gauntlet | Found a runed translucent gate.
 14876 | Gauntlet | Found a large runed translucent door.
 14876 | Gauntlet | Found a large runed translucent door.
 14877 | Gauntlet | Found a large runed translucent door.
 14878 | Gauntlet | Found a large runed translucent door.
 14879 | Gauntlet | Found a large runed translucent door.
 14879 | Gauntlet | Found a large runed translucent door.
 14879 | Gauntlet | Found a runed translucent door.
 14880 | Gauntlet | Found a large runed translucent door.
 14881 | Gauntlet | Found a large runed translucent door.
 14887 | Gauntlet | Found a transporter.
 14887 | Gauntlet | Found a runed translucent gate.
 14887 | Gauntlet | Found a transporter.
 14887 | Gauntlet | Found a transporter.
 14888 | Gauntlet | Found a runed translucent door.
 14888 | Gauntlet | Found a runed translucent gate.
 14890 | Gauntlet | Found a large runed translucent door.
 14890 | Gauntlet | Found a large runed translucent door.
 14890 | Gauntlet | Found a large runed translucent door.
 14890 | Gauntlet | Found a large runed translucent door.
 14925 | Gauntlet | Found a large runed translucent door.
 14925 | Gauntlet | Found a large runed translucent door.
 14928 | Gauntlet | Found a large runed translucent door.
 14928 | Gauntlet | Found a large runed translucent door.
 14935 | Gauntlet | Found a transporter.
 14937 | Gauntlet | Noticed a ghost crab
 14945 | Gauntlet | Found a transporter.
 15022 | Gauntlet | Reached XP level 12. HP: 77/79 MP: 7/12
 15066 | Gauntlet | Killed a catoblepas
 15067 | Gauntlet | Reached skill level 10 in Maces & Flails
 15071 | Gauntlet | Reached skill level 11 in Fighting
 15111 | Gauntlet | Received a gift from Trog
 15159 | Gauntlet | Identified the +0 tower shield of the Slorg {Str+4 Dex-5
                  | SInv}
 15159 | Gauntlet | Noticed a minotaur
 15178 | Gauntlet | Killed a minotaur
 15184 | Gauntlet | Identified the ring "Ciamerph" {Fire *Slow rCorr Int+3}
 15189 | Gauntlet | Identified the +1 chain mail of Nemelex Xobeh's Whim
                  | {Int+4}
 15191 | Gauntlet | Identified the +2 cloak of the Spheres {Fly rF+}
 15191 | Gauntlet | Identified the +1 robe of Mieza {rElec Str+4 Dex-5 Stlth+}
 16204 | Lair:1   | Identified the ring "Qifu" {+Blink Will+ EV+4}
 16554 | Lair:1   | You are sucked into a shaft and drop 1 floor!
 16731 | Lair:2   | Noticed a six-headed hydra
 16740 | Lair:2   | Killed a six-headed hydra
 16741 | Lair:2   | Reached XP level 13. HP: 85/85 MP: 13/13
 17046 | Lair:2   | Reached skill level 12 in Fighting
 17186 | Lair:2   | Found a staircase to the Snake Pit.
 17938 | Lair:2   | Reached skill level 1 in Evocations
 18057 | Lair:3   | Found a burning altar of Makhleb.
 18207 | Lair:3   | Noticed Fannar
 18228 | Lair:3   | Killed Fannar
 18950 | Lair:3   | Found the macabre finger necklace {rN+}
 19478 | Lair:4   | Found a staircase to the Shoals.
 21147 | Lair:5   | Found a staircase to the Slime Pits.
 21148 | Lair:5   | Found a viscous altar of Jiyva.
 21162 | Lair:5   | Identified the +11 great sword "Doekh" {vorpal, *Rage rF+++
                  | Will- SInv} (Trog gifted it to you on level 5 of the Lair
                  | of Beasts)
 21162 | Lair:5   | Received a gift from Trog
 21173 | Lair:5   | Reached skill level 10 in Dodging
 21473 | Lair:5   | Gained mutation: Your large and strong wings let you fly.
                  | [Gargoyle growth]
 21473 | Lair:5   | Reached XP level 14. HP: 70/92 MP: 14/14
 21762 | Lair:6   | Entered Level 6 of the Lair of Beasts
 21762 | Lair:6   | Noticed Nessos
 22060 | Lair:5   | Killed Nessos
 22230 | Lair:6   | Reached skill level 13 in Fighting
 23156 | Lair:6   | Reached skill level 5 in Evocations
 23290 | Lair:6   | Received a gift from Trog
 23710 | Lair:6   | Noticed Sonja
 23740 | Lair:6   | Killed Sonja
 23839 | Lair:6   | Found an opulent altar of Gozag.
 24572 | D:11     | Found a frozen archway.
 24662 | IceCv    | Entered an ice cave
 25617 | IceCv    | Reached XP level 15. HP: 65/100 MP: 15/15
 26617 | D:11     | Reached skill level 14 in Fighting
 27020 | D:11     | Found a shimmering blue altar of Sif Muna.
 27226 | D:12     | Found Riru's Jewellery Shop.
 27357 | D:12     | Found a staircase to the Orcish Mines.
 27708 | D:12     | Found Vuewk's Armour Boutique.
 28370 | D:13     | Found a gate to the Vaults.
 29748 | D:14     | Reached ****** piety under Trog
 31003 | D:15     | Entered Level 15 of the Dungeon
 31119 | D:15     | Reached XP level 16. HP: 54/107 MP: 16/16
 31325 | D:15     | Found a staircase to the Depths.
 31886 | D:15     | Received a gift from Trog
 32575 | Orc:1    | Entered Level 1 of the Orcish Mines
 32611 | Orc:1    | Noticed Urug
 32906 | Orc:1    | Killed Urug
 33055 | Orc:1    | Noticed Snorg
 33080 | Orc:1    | Killed Snorg
 33299 | Orc:1    | Noticed Erica
 33307 | Orc:1    | Killed Erica
 33575 | Orc:2    | Entered Level 2 of the Orcish Mines
 33918 | Orc:2    | Received a gift from Trog
 33928 | Orc:2    | Reached skill level 15 in Fighting
 33936 | Orc:2    | Found a staircase to the Elven Halls.
 34432 | Orc:2    | Found Tybreom's General Store.
 34456 | Orc:2    | Bought a scroll of identify for 22 gold pieces
 34465 | Orc:2    | Found Ruoph's Distillery.
 34481 | Orc:2    | Reached skill level 15 in Armour
 35053 | Orc:2    | Found Rotanog's Assorted Antiques.
 35263 | Orc:2    | Bought a scroll labelled ZONOOK WOYRU for 31 gold pieces
 35263 | Orc:2    | Bought an emerald ring for 155 gold pieces
 35263 | Orc:2    | Bought a scroll labelled FATUSANLEJ for 31 gold pieces
 35263 | Orc:2    | Bought a scroll of identify for 62 gold pieces
 35525 | Orc:2    | Received a gift from Trog
 35726 | Orc:2    | Found Ista's Jewellery Emporium.
 36119 | Orc:2    | Bought the ring of Loineg {rF+ Str+2 Dex+3 SInv} for 607
                  | gold pieces
 36376 | D:2      | Bought 3 scrolls of identify for 102 gold pieces
 36376 | D:2      | Identified 2 scrolls of acquirement
 36382 | D:2      | Acquired 541 gold pieces
 36383 | D:2      | Acquired a +2 eveningstar of draining
 36651 | Shoals:1 | Entered Level 1 of the Shoals
 37796 | Shoals:1 | Reached XP level 17. HP: 91/113 MP: 17/17
 38053 | Shoals:2 | Noticed Ilsuiw
 38060 | Shoals:2 | Noticed Polyphemus
 38322 | Shoals:1 | Killed Ilsuiw
 38507 | Shoals:1 | Killed Polyphemus
 38900 | Shoals:2 | Identified the +5 whip "Borgoz's Regret" {venom, Will++
                  | Int-3 Stlth+}
 38917 | Shoals:2 | Identified the +1 leather armour of a Gauntlet {+Inv}
 38979 | Shoals:2 | Received a gift from Trog
 39003 | Shoals:2 | Reached skill level 16 in Fighting
 39430 | Shoals:2 | Found Uxtyhug's Assorted Antiques.
 39438 | Shoals:2 | Bought a scroll of identify for 58 gold pieces
 39438 | Shoals:2 | Bought a scroll labelled MAAROI OSHROGG for 29 gold pieces
 39438 | Shoals:2 | Bought a potion of haste for 290 gold pieces
 39674 | Shoals:3 | Noticed a kraken
 39693 | Shoals:3 | Killed a kraken
 39855 | Shoals:3 | Shot with an arrow by a satyr

Illustrated notes

Levels and vault maps discovered:
D:1:      minmay_arrival_split_and_join, layout_loops_cross,
          shapermc_ecumenical_altar_pompeii
D:2:      layout_basic, serial_shops, nicolae_shop_statue_plus,
          nicolae_shop_waterfront, uniq_terence
D:3:      layout_basic, uniq_natasha
D:4:      layout_basic, uniq_eustachio
D:5:      layout_cave_pods, general_overflow_altar, uniq_menkaure
D:6:      layout_loops_ring, mainiacjoe_overflow_alcove_1,
          nicolae_ossuary_entry_monument, portal_sewer_entry_f
D:7:      layout_basic, temple_doors_cd, serial_shops, shop
D:8:      layout_cave_pools, minivault_27, serial_bayou_pond_c
D:9:      layout_basic, amethyst_overflow_temple_binary
D:10:     layout_irregular_city, mainiacjoe_overflow_swirl, dpeg_lair_monsters,
          serial_shops, nicolae_shop_statue_plus,
          hangedman_decor_clover_reticule, uniq_maurice
D:11:     layout_small_grid, serial_ice, serial_ice_k, serial_ice_d,
          serial_ice_b, serial_ice_h, portal_ice_cave_entry_ice_simulacra,
          tgw_sif
D:12:     layout_rooms, minmay_orc_entry_temple_small, serial_shops, shop_coins,
          shop, lemuel_flamethrower_2
D:13:     layout_basic, lightli_vaults_fourway_checkpoint
D:14:     layout_basic, kennysheep_generic_room_9
D:15:     grunt_enter_depths_giant_problem, layout_basic,
          minmay_misc_feat_nine_boxes, grunt_decor_one_mirror, item_on_display_b
Lair:1:   layout_loops_ring, gauntlet_entry_generic, grunt_megastairs_2,
          minmay_lair_oklob_chamber
Lair:2:   layout_cave_pods, guppyfry_snake_entry_island
Lair:3:   layout_cave_pods, basic_altar, infiniplex_staircase_pool_2,
          uniq_fannar
Lair:4:   layout_small_grid, minmay_shoals_entry_beasts,
          chequers_serial_rivers_marsh, serial_bayou_shore_b
Lair:5:   layout_long_grid, slime_altar_1, chequers_serial_rivers_small_b,
          nicolae_lair_yak_garden
Lair:6:   minmay_lair_end_enchanted_forest, layout_regular_city, basic_altar,
          uniq_sonja, uniq_nessos
Shoals:1: layout_shoals, nicolae_shoals_circle_sea_wall, st_sunken_temple
Shoals:2: layout_shoals, serial_shops, shop, uniq_ilsuiw, uniq_polyphemus
Shoals:3: layout_shoals
Orc:1:    layout_caves, uniq_erica, uniq_snorg, uniq_urug
Orc:2:    pubby_orc_utopia, serial_shops

Skill      XL: |  1  2  3  4  5  6  7  8  9 10 11 12 13 14 15 16 17 |
---------------+----------------------------------------------------+-----
Dodging        | 2 3 4 6 7 8 9 10 11 12 | 12.8
Armour         | 3 4 5 6 8 9 10 11 12 13 14 15 | 15.9
Fighting       | 4 5 6 8 9 10 11 12 13 14 15 16 | 16.1
Maces & Flails | 4 5 6 7 8 9 11 12 13 14 | 14.9
Shields        | 2 4 |  4.0
Evocations     | 3 6 7 |  7.0

Action                   |  1- 3 |  4- 6 |  7- 9 | 10-12 | 13-15 | 16-18 || total
-------------------------+-------+-------+-------+-------+-------+-------++-------
Melee: Mace              |    76 |    53 |       |       |       |       ||   129
       Flail             |       |   114 |   793 |       |       |       ||   907
       Morningstar       |       |       |    10 |   457 |  1424 |   576 ||  2467
       Eveningstar       |       |       |       |       |       |   324 ||   324
Invok: Berserk           |     1 |     5 |    10 |    15 |     8 |    10 ||    49
       Trog's Hand       |       |     1 |     2 |       |     2 |     4 ||     9
       Brothers in Arms  |       |       |       |       |     4 |       ||     4
Evoke: Wand              |       |       |       |     1 |       |       ||     1
  Use: Scroll            |       |       |     1 |    13 |     7 |    15 ||    36
       Potion            |       |       |       |     1 |     4 |       ||     5
 Stab: Petrified         |       |       |       |       |    35 |       ||    35
       Petrifying        |       |       |       |       |     2 |       ||     2
       Distracted        |       |       |       |       |     1 |       ||     1
Armor: Animal skin       |     5 |       |       |       |       |       ||     5
       Scale mail        |    39 |    63 |       |   105 |       |       ||   207
       Ring mail         |       |    24 |   528 |       |       |       ||   552
       Plate armour      |       |       |    16 |   289 |   622 |       ||   927
       Crystal plate arm |       |       |       |       |   272 |   467 ||   739
Dodge: Dodged            |    50 |    95 |   577 |   254 |   992 |   493 ||  2461
Block: Buckler           |       |       |       |    35 |   345 |   311 ||   691
